 Dungeon Crawl Stone Soup version 0.19-a0-1886-gd64a0f0 (webtiles) character file.

347544 Theye the Demonic Blade (level 21, -38/172 HPs)
             Began as a Demonspawn Fighter on Oct 15, 2016.
             Was the Champion of Okawaru.
             Annihilated by an Ice Fiend (46 damage)
             ... summoned by a deep elf demonologist
             ... on level 3 of the Elven Halls.
             The game lasted 01:44:01 (63114 turns).

Theye the Demonic Blade (Demonspawn Fighter)       Turns: 63114, Time: 01:44:01

Health: -38/172    AC: 38    Str: 31    XL:     21   Next: 52%
Magic:  0/31       EV: 22    Int: 13    God:    Okawaru [******]
Gold:   2822       SH: 10    Dex: 17    Spells: 0 memorised, 20 levels left

rFire  . . .     SeeInvis +     I - +4 demon blade (drain)
rCold  . . .     Gourm    .     l - +6 plate armour "Ecrogiat" {rC- Str+5 SInv}
rNeg   + + .     Faith    .     T - +0 buckler {AC+3}
rPois  +         Spirit   +     y - +1 hat "Fecorch" {-Cast +Blink rN+ Regen+}
rElec  .         Dismiss  .     z - +0 cloak {MR+}
rCorr  .         Reflect  +     U - +2 pair of gloves {Str+3}
MR     +++..     Harm     .     P - +2 pair of boots {Stlth+}
Stlth  ++........ NoCast   +    j - +4 amulet of reflection
                                H - ring of protection from magic
                                B - ring "Guschash" {+Blink rPois rN+ EV+3}

@: heroism, repel missiles, drained
A: talons 2, repulsion field 3, clever 1, cold resistance 1, nightstalker 3,
slow regeneration 2, strong 1, wild magic 1, magic shield, magic regeneration
a: Heroism, Finesse, Renounce Religion, Evoke Blink
}: 1/15 runes: decaying


You were on level 3 of the Elven Halls.
You worshipped Okawaru.
Okawaru was exalted by your worship.
You were hungry.

You visited 8 branches of the dungeon, and saw 37 of its levels.
You visited the Abyss 1 time.
You also visited: Sewer, Ice Cave and Volcano.

You collected 5246 gold pieces.
You spent 2424 gold pieces at shops.

Inventory:

Hand Weapons
 G - a +1 vampiric great sword
 I - a +4 demon blade of draining (weapon)
 O - a +0 triple sword of draining
Armour
 h - a +0 hat of magic resistance
 l - the +6 plate armour "Ecrogiat" (worn) {rC- Str+5 SInv}
   (You bought it in a shop on level 2 of the Orcish Mines)

   It affects your strength (+5).
   It makes you vulnerable to cold.
   It lets you see invisible.
 y - the +1 hat "Fecorch" (worn) {-Cast +Blink rN+ Regen+}
   (Okawaru gifted it to you on level 1 of the Elven Halls)

   It protects you from negative energy.
   It lets you blink.
   It prevents spellcasting.
   It increases your rate of regeneration.
 z - a +0 cloak of magic resistance (worn)
 J - the +1 ring mail "Mafike" {rF+ rN+++ rCorr Dex-2}
   (Okawaru gifted it to you on level 2 of the Vaults)

   It affects your dexterity (-2).
   It protects you from fire.
   It renders you almost immune to negative energy.
   It protects you from acid and corrosion.
 N - the +0 cloak "Odonexej" {Str-2 Int+2 Dex+5}
   (Okawaru gifted it to you on level 2 of the Orcish Mines)

   It affects your strength (-2).
   It affects your intelligence (+2).
   It affects your dexterity (+5).
 P - a +2 pair of boots of stealth (worn)
 S - a +2 crystal plate armour
 T - a +0 buckler of protection (worn)
 U - a +2 pair of gloves of strength (worn)
Jewellery
 j - a +4 amulet of reflection (around neck)
 u - an uncursed ring of resist corrosion
 B - the ring "Guschash" (left hand) {+Blink rPois rN+ EV+3}
   (You found it in an ice cave)

   [ring of evasion]

   It affects your evasion (+3).
   It protects you from poison.
   It protects you from negative energy.
   It lets you blink.
 E - an uncursed ring of magical power
 H - a ring of protection from magic (right hand)
Wands
 g - a wand of teleportation (4/9)
 i - a wand of polymorph (7/24)
 k - a wand of iceblast (12/15)
 n - a wand of enslavement (10/24)
 o - a wand of disintegration (3/24)
Scrolls
 a - a scroll of identify
 b - 5 scrolls of fear
 m - 7 scrolls of amnesia
 p - 2 scrolls of immolation
 q - a scroll of teleportation
 r - a scroll of blinking
 t - 3 scrolls of fog
 v - 10 scrolls of recharging
 C - 18 scrolls of remove curse
 L - 2 scrolls of silence
 R - 4 scrolls of noise
 V - a scroll of summoning
 X - 2 scrolls of magic mapping
Potions
 c - 2 potions of flight
 d - a potion of might
 e - 2 potions of cancellation
 s - a potion of haste
 w - 3 potions of resistance
 K - a potion of magic
 M - a potion of brilliance
 Q - 7 potions of curing
Comestibles
 f - 14 bread rations
 x - 4 royal jellies
 A - 2 meat rations
 F - 25 fruits


   Skills:
 + Level 16.5(19.9) Fighting
 * Level 23.7(25.1) Long Blades
 * Level 16.6(20.0) Armour
 + Level 5.9(9.6) Dodging
 - Level 4.8(8.5) Shields
 - Level 14.1(12.7) Invocations


You had 20 spell levels left.
You didn't know any spells.

Dungeon Overview and Level Annotations

Branches:
Dungeon (15/15)            Temple (1/1) D:4            Lair (6/6) D:9
  Swamp (4/4) Lair:4       Spider (2/4) Lair:3        Slime (0/5) Lair:6
    Orc (2/2) D:9             Elf (3/3) Orc:2        Vaults (4/5) D:14
  Crypt (0/3) Vaults:2     Depths (0/5) D:15

Altars:
Ashenzari
Cheibriados
Dithmenos
Elyvilon
Fedhas
Gozag
Hepliaklqana
Kikubaaqudgha
Makhleb
Nemelex Xobeh
Okawaru
Qazlal
Ru
Sif Muna
Trog
Uskayaw
Vehumet
Xom
Yredelemnul
Zin
The Shining One
Beogh

Shops:
D:8 (   D:12 **}}   Orc:1 %   Orc:2 **(*=([(   Elf:2 !   Vaults:2 (

Annotations:
D:7 exclusion: door
Elf:3 Mara


Innate Abilities, Weirdness & Mutations

You have razor-sharp toenails.
You are surrounded by a strong repulsion field. (EV +4, RMsl)
Your flesh is cold resistant. (rC+)
You are completely attuned to the shadows.
When hurt, damage is shared between your health and your magic reserves.
You regenerate magic rapidly.
Your mind is acute. (Int +2)
You do not regenerate when monsters are visible.
Your muscles are strong. (Str +2)
Your spells are a little harder to cast, but a little more powerful.


Message History

The helpless deep elf demonologist fails to defend itself.
You slash the deep elf demonologist!
The deep elf demonologist is moderately wounded.
Unknown command.
You slash the deep elf demonologist! You drain the deep elf demonologist!
The deep elf demonologist is heavily wounded.
The deep elf demonologist casts a spell.
You hear a shout!
Unknown command.
Your plate armour "Ecrogiat" prevents you from hitting the deep elf demonologist.
The deep elf demonologist is heavily wounded.
You block the deep elf demonologist's attack.
Unknown command.
You hit the deep elf demonologist. You drain the deep elf demonologist!
The deep elf demonologist is heavily wounded.
The Ice Fiend claws you but does no damage.
The Ice Fiend claws you!
* * * LOW HITPOINT WARNING * * *
The Ice Fiend freezes you!!!
You die...

#.# ###.# #... #....
##...### #....
.......############...
......e+..........'...
.....@1#############..
#...### #.. #...# ##.
##### #. ##


You could see an Ice Fiend and a deep elf demonologist.

Vanquished Creatures
  the Lernaean hydra (Swamp:4)
  Frederick (Vaults:4)
  Saint Roka (Orc:2)
  A bone dragon (Abyss:3)
  Asterion (Elf:2)
  An Executioner (Abyss:3)
  A deep elf master archer (Elf:3)
  A sphinx (Vaults:2)
  The ghost of Amnesiac the Destroyer, an adept OgWz of Sif Muna (Elf:1)
  A tentacled starspawn (Abyss:3)
  A thorn hunter (Swamp:3)
  Roxanne (Swamp:3)
  Agnes (Elf:1)
  Donald (Elf:1)
  A fire giant (Vaults:4)
  11 vault wardens
  A ghost moth (Spider:1)
  5 deep elf sorcerers
  3 frost giants
  Louise (Elf:2)
  2 orc warlords
  Aizul (Swamp:1)
  2 deep elf elementalists
  17 ironheart preservers
  4 stone giants
  2 very ugly things (Vaults:1)
  4 entropy weavers
  5 deep elf demonologists
  3 deep elf annihilators
  Azrael (D:13)
  A dire elephant (D:15)
  5 deep elf death magi
  Josephine (D:14)
  An ettin (Vaults:3)
  9 great orbs of eyes
  19 hydras
  4 fire dragons (Vaults:1)
  7 yaktaur captains
  2 deep elf high priests
  4 rakshasas
  Harold (Lair:2)
  14 vault guards
  Erolcha (Orc:2)
  8 ice dragons
  2 ghost crabs
  4 centaur warriors
  2 catoblepae (Lair:6)
  17 ogre magi
  A queen ant (Lair:6)
  27 dancing weapons
  3 death knights
  A hell hog (Abyss:3)
  9 alligators
  2 orc high priests (Orc:2)
  2 thrashing horrors (Abyss:3)
  4 deep troll earth magi
  4 tengu warriors (D:13)
  Urug (Lair:4)
  4 large abominations (Abyss:3)
  The ghost of Philosophy the Basher, a novice MiBe of Trog (D:8)
  Nergalle (D:10)
  A small abomination (Elf:1)
  20 deep elf knights
  A sixfirhy (Abyss:3)
  7 skeletal warriors
  2 shadow wraiths
  6 shambling mangroves
  A spriggan druid (Swamp:4)
  12 swamp dragons
  8 hill giants
  5 deep trolls
  A death drake (shapeshifter) (D:14)
  23 deep elf archers
  18 ironbrand convokers
  A glowing orange brain (Abyss:3)
  A flayed ghost (Vaults:4)
  A wizard (Vaults:3)
  Pikel (D:7)
  12 orc knights
  3 orb spiders (Spider:1)
  A necromancer (Vaults:1)
  A lindwurm (Lair:6)
  3 harpies (Vaults:3)
  An orb spider (shapeshifter) (Elf:3)
  50 ugly things
  A mana viper (shapeshifter) (Vaults:1)
  A salamander (D:15)
  3 orc sorcerers
  17 wolf spiders
  67 deep elf magi
  4 manticores
  9 cyclopes
  A wolf spider (shapeshifter) (Vaults:1)
  9 elephants (Lair:3)
  4 centaur zombies
  A human skeleton (Vaults:1)
  An elephant (shapeshifter) (Vaults:1)
  16 vault sentinels
  A guardian serpent (Lair:6)
  2 smoke demons
  Joseph (D:7)
  11 black mambas
  2 molten gargoyles (Volcano)
  2 gargoyles
  17 spiny frogs
  3 rime drakes
  10 komodo dragons
  35 yaktaurs
  A kobold demonologist (D:14)
  3 demonic crawlers
  13 freezing wraiths
  A polar bear (Lair:6)
  9 trolls
  14 jumping spiders
  2 meliai (shapeshifter) (Vaults:1)
  A polar bear (shapeshifter) (Vaults:2)
  17 two-headed ogres
  A two-headed ogre (shapeshifter) (Vaults:2)
  10 tyrant leeches
  A wolf spider simulacrum (Vaults:1)
  18 blink frogs
  25 slime creatures
  Prince Ribbit (D:6)
  22 hornets
  3 human simulacra
  10 bog bodies
  11 hippogriffs
  5 dream sheep (Lair:6)
  8 raiju
  A blink frog (shapeshifter) (Vaults:3)
  3 air elementals
  32 redbacks
  4 tarantellas (Spider:1)
  A centaur simulacrum (D:15)
  5 shadows
  6 wraiths
  2 vampires
  8 spriggans
  7 water elementals
  A ynoxinul (Abyss:3)
  A hog (shapeshifter) (Vaults:3)
  A basilisk (shapeshifter) (Vaults:3)
  5 fire bats
  7 wyverns
  56 yaks
  4 basilisks
  A hungry ghost (D:11)
  A yaktaur simulacrum (Vaults:2)
  6 fire elementals
  18 vampire mosquitoes
  A chaos spawn (Abyss:3)
  8 wargs
  5 insubstantial wisps (Swamp:4)
  20 soldier ants (Lair:6)
  21 swamp worms
  17 water moccasins
  5 porcupines
  5 hell hounds
  16 swamp drakes
  51 orc warriors
  2 slaves (D:8)
  15 ice beasts
  68 ogres
  2 black bears
  A human zombie (Vaults:1)
  2 necrophages (D:8)
  5 sky beasts
  11 boggarts
  2 phantoms
  3 wolves (Lair:1)
  8 centaurs
  A centaur (shapeshifter) (Vaults:4)
  8 crocodiles
  2 big kobolds
  A bullfrog (shapeshifter) (Vaults:4)
  21 bullfrogs
  3 gnoll sergeants
  A yaktaur zombie (Vaults:1)
  A wyvern zombie (D:6)
  2 earth elementals
  3 wyvern skeletons
  9 scorpions
  22 killer bees
  3 wights (D:14)
  2 electric eels (Lair:4)
  5 howler monkeys
  5 crimson imps
  3 lava snakes (Volcano)
  4 jellies
  A bullfrog zombie (D:12)
  9 hounds
  2 bullfrog skeletons (D:9)
  3 gnoll shamans
  Crazy Yiuf (D:2)
  31 orc priests
  5 centaur skeletons
  6 iguanas
  28 orc wizards
  24 worker ants
  A killer bee zombie (D:6)
  A hound zombie (D:8)
  A hound skeleton (D:11)
  23 gnolls
  2 howler monkey skeletons
  24 adders
  4 river rats (D:9)
  4 shadow imps
  14 white imps
  An ufetubus (Abyss:3)
  14 oozes
  3 adder skeletons
  7 worms
  5 dart slugs
  9 leopard geckos
  142 orcs
  11 ball pythons
  18 bats
  16 giant cockroaches
  10 goblins
  11 hobgoblins
  17 jackals
  6 quokkas
  12 frilled lizards
  11 kobolds
  A leopard gecko skeleton (D:5)
  A leopard gecko zombie (D:5)
  16 rats
  A plant (D:7)
  A starspawn tentacle (Abyss:3)
1844 creatures vanquished.

Vanquished Creatures (collateral kills)
  An orc (Orc:2)
1 creature vanquished.

Vanquished Creatures (others)
  2 deep elf magi
  A shadow (D:13)
  A swamp worm (Swamp:2)
  An orc warrior (Elf:1)
  A slave (D:7)
  An orc priest (Elf:1)
  An adder (D:7)
  An ufetubus (Elf:2)
  4 orcs
  2 hobgoblins (D:7)
  26 fungi
  23 plants
  2 starspawn tentacles (Abyss:3)
66 creatures vanquished.

Grand Total: 1911 creatures vanquished

Notes
Turn   | Place    | Note
-------+----------+-------------------------------------------
     0 | D:1      | Theye the Demonspawn Fighter began the quest for the Orb.
     0 | D:1      | Reached XP level 1. HP: 18/18 MP: 1/1
   222 | D:1      | Gained mutation: You are surrounded by a mild repulsion field. (EV +2) [demonic ancestry]
   222 | D:1      | Reached XP level 2. HP: 19/24 MP: 2/2
   559 | D:1      | Reached skill level 2 in Long Blades
   878 | D:2      | Reached XP level 3. HP: 29/29 MP: 3/3
  1293 | D:2      | Found a faded altar of an unknown god.
  1330 | D:2      | Reached skill level 1 in Dodging
  1471 | D:2      | Gained mutation: You are slightly more attuned to the shadows. [demonic ancestry]
  1471 | D:2      | Reached XP level 4. HP: 31/35 MP: 4/4
  1561 | D:2      | Found a runed door.
  1929 | D:2      | Noticed Crazy Yiuf
  1939 | D:2      | Killed Crazy Yiuf
  1939 | D:2      | Reached skill level 3 in Long Blades
  2205 | D:3      | Gained mutation: When hurt, damage is shared between your health and your magic reserves. [demonic ancestry]
  2205 | D:3      | Reached XP level 5. HP: 24/41 MP: 5/5
  2477 | D:3      | Found a basalt altar of Yredelemnul.
  2920 | D:3      | Reached skill level 4 in Long Blades
  3198 | D:4      | Reached XP level 6. HP: 17/47 MP: 2/6
  3727 | D:4      | Found a staircase to the Ecumenical Temple.
  3753 | Temple   | Entered the Ecumenical Temple
  3844 | Temple   | Became a worshipper of Warmaster Okawaru
  4274 | D:4      | Reached skill level 5 in Long Blades
  4602 | D:5      | Entered Level 5 of the Dungeon
  4661 | D:5      | Found a glowing drain.
  4686 | Sewer    | Entered a sewer
  4687 | Sewer    | Gained mutation: You are significantly more attuned to the shadows. [demonic ancestry]
  4687 | Sewer    | Reached XP level 7. HP: 46/53 MP: 5/7
  5193 | Sewer    | Reached * piety under Okawaru
  5207 | Sewer    | Reached skill level 6 in Long Blades
  5374 | D:5      | Gained mutation: You occasionally shout uncontrollably at your foes. [mutagenic meat]
  5377 | D:5      | Gained mutation: You are clumsy. (Dex -2) [mutagenic meat]
  5380 | D:5      | Gained mutation: Your magical capacity is low. (-10% MP) [mutagenic meat]
  5383 | D:5      | Gained mutation: You can translocate small distances at will. [mutagenic meat]
  5386 | D:5      | Gained mutation: You are very clumsy. (Dex -4) [mutagenic meat]
  5389 | D:5      | Gained mutation: Your spells are a little harder to cast, but a little more powerful. [mutagenic meat]
  5460 | D:5      | Found a hide-covered altar of Uskayaw.
  6313 | D:6      | Noticed a moth of wrath
  6316 | D:6      | Found a bloodstained altar of Trog.
  6397 | D:6      | Reached skill level 1 in Invocations
  6793 | D:6      | Gained mutation: You are surrounded by a moderate repulsion field. (EV +3) [demonic ancestry]
  6793 | D:6      | Reached XP level 8. HP: 35/60 MP: 4/8
  7234 | D:6      | Found an ancient bone altar of Kikubaaqudgha.
  7302 | D:6      | Reached skill level 7 in Long Blades
  7929 | D:6      | Reached ** piety under Okawaru
  7929 | D:6      | Reached skill level 5 in Armour
  8222 | D:6      | Noticed Prince Ribbit
  8231 | D:6      | Killed Prince Ribbit
  8406 | D:7      | Reached skill level 8 in Long Blades
  8425 | D:7      | Reached XP level 9. HP: 45/67 MP: 5/10
  8797 | D:7      | Reached skill level 5 in Fighting
  9481 | D:8      | Reached *** piety under Okawaru
  9485 | D:8      | Noticed Philosophy's ghost (novice MiBe)
  9499 | D:7      | Reached skill level 9 in Long Blades
  9644 | D:7      | Noticed Pikel
  9659 | D:7      | Killed Pikel
  9713 | D:7      | Noticed Joseph
  9725 | D:7      | Killed Joseph
  9935 | D:7      | Reached skill level 5 in Invocations
  9955 | D:7      | Reached **** piety under Okawaru
 10182 | D:7      | Gained mutation: You have sharp toenails. [demonic ancestry]
 10182 | D:7      | Reached XP level 10. HP: 8/74 MP: 1/12
 10463 | D:7      | Reached skill level 10 in Long Blades
 10614 | D:7      | Found a deep blue altar of Sif Muna.
 11186 | D:8      | HP: 3/76 [poisoned by a killer bee]
 11505 | D:8      | Gained mutation: You have razor-sharp toenails. [potion of mutation]
 11505 | D:8      | Lost mutation: You are very clumsy. (Dex -4) [potion of mutation]
 12332 | D:8      | Found Haodghad's Weapon Emporium.
 12349 | D:8      | Bought a +0 great sword of draining for 191 gold pieces
 12691 | D:9      | Found a staircase to the Lair.
 12886 | D:9      | Reached skill level 11 in Long Blades
 13240 | D:9      | Reached ***** piety under Okawaru
 13613 | D:9      | Received a gift from Okawaru
 13654 | D:9      | Found a roughly hewn altar of Beogh.
 13659 | D:9      | Got a brightly glowing ring mail {god gift}
 13754 | D:9      | Identified the +5 ring mail of the Thistle {rElec Dex+2} (Okawaru gifted it to you on level 9 of the Dungeon)
 13920 | D:9      | Found a staircase to the Orcish Mines.
 14077 | D:9      | Reached XP level 11. HP: 81/83 MP: 14/14
 14233 | D:10     | Entered Level 10 of the Dungeon
 14251 | D:10     | Noticed Nergalle
 14260 | D:10     | Killed Nergalle
 14354 | D:10     | Noticed a hill giant
 14363 | D:10     | Killed a hill giant
 14363 | D:10     | Reached skill level 12 in Long Blades
 15853 | D:11     | Noticed a hill giant
 15853 | D:11     | Found a shadowy altar of Dithmenos.
 15985 | D:11     | Killed a hill giant
 16697 | D:8      | Killed Philosophy's ghost
 16697 | D:8      | Reached skill level 13 in Long Blades
 16859 | Orc:1    | Entered Level 1 of the Orcish Mines
 16863 | Orc:1    | Found Vaap's Food Shop.
 16942 | Orc:2    | Entered Level 2 of the Orcish Mines
 16942 | Orc:2    | Found Veneer's Assorted Antiques.
 17112 | Orc:2    | Bought a pair of gloves for 175 gold pieces
 17112 | Orc:2    | Bought a potion of heal wounds for 195 gold pieces
 17112 | Orc:2    | Bought a scroll labeled JURHUO QEOPS for 39 gold pieces
 17112 | Orc:2    | Bought a scroll labeled BAFEOD OHOKA for 39 gold pieces
 17112 | Orc:2    | Bought a scroll labeled VYD XEAWKYFU for 39 gold pieces
 17112 | Orc:2    | Bought a brown potion for 35 gold pieces
 17150 | Orc:2    | Found Duwi's Assorted Antiques.
 17152 | Orc:2    | Noticed an orc knight
 17199 | Orc:2    | Killed an orc knight
 17210 | Orc:2    | Noticed Erolcha
 17221 | Orc:2    | Killed Erolcha
 17221 | Orc:2    | Received a gift from Okawaru
 17237 | Orc:2    | Got a bloodstained cloak {god gift}
 17505 | Orc:2    | Identified the +0 cloak "Odonexej" {Str-2 Int+2 Dex+5} (Okawaru gifted it to you on level 2 of the Orcish Mines)
 17691 | Orc:2    | Bought a dented filigree amulet for 185 gold pieces
 17691 | Orc:2    | Bought a scroll of identify for 74 gold pieces
 17697 | Orc:2    | Found Moeshe Vups's Jewellery Emporium.
 17731 | Orc:2    | Found a roughly hewn altar of Beogh.
 17758 | Orc:2    | Found Pogaudiu's Antique Weapon Shoppe.
 17880 | Orc:2    | Reached XP level 12. HP: 70/91 MP: 16/16
 18003 | Orc:2    | Found a staircase to the Elven Halls.
 18036 | Orc:2    | Found a roughly hewn altar of Beogh.
 18595 | Orc:2    | Found a roughly hewn altar of Beogh.
 18597 | Orc:2    | Found Otipn's Antique Weapon Boutique.
 18732 | Orc:2    | Found a roughly hewn altar of Beogh.
 18741 | Orc:2    | Noticed an orc high priest
 18763 | Orc:2    | Killed an orc high priest
 19041 | Orc:2    | Found Jouwiuts's General Store.
 19108 | Orc:2    | Noticed an orc high priest
 19234 | Orc:2    | Killed an orc high priest
 19234 | Orc:2    | Reached skill level 14 in Long Blades
 19605 | Orc:2    | Noticed Saint Roka
 19635 | Orc:2    | HP: 4/92 [orc warrior/glaive (9)]
 20054 | Orc:2    | Found a roughly hewn altar of Beogh.
 20131 | Orc:2    | Found a roughly hewn altar of Beogh.
 20459 | Orc:2    | Killed Saint Roka
 20963 | Orc:2    | Found Etewn's Antique Armour Boutique.
 20964 | Orc:2    | Found Peacimes's Antique Weapon Shop.
 20969 | Orc:2    | Found a roughly hewn altar of Beogh.
 21081 | Lair:1   | Entered Level 1 of the Lair of Beasts
 21105 | Lair:1   | Found a frozen archway.
 21240 | IceCv    | Entered an ice cave
 21716 | IceCv    | Received a gift from Okawaru
 21933 | IceCv    | Noticed an ice dragon
 21936 | IceCv    | Noticed an ice dragon
 21956 | IceCv    | Killed an ice dragon
 21956 | IceCv    | Reached skill level 15 in Long Blades
 21962 | IceCv    | Killed an ice dragon
 21962 | IceCv    | Reached XP level 13. HP: 39/99 MP: 5/18
 22411 | IceCv    | Got a twitching lead amulet
 22413 | IceCv    | Identified the amulet of Susi {Harm *Drain +Inv rN++ Int-5 SInv} (You found it in an ice cave)
 22420 | IceCv    | Got a smoking brass ring
 22605 | Lair:1   | Identified the ring "Guschash" {+Blink rPois rN+ EV+3} (You found it in an ice cave)
 22679 | Lair:1   | Found a glowing silver altar of Zin.
 22974 | Lair:1   | Reached skill level 5 in Dodging
 23803 | Lair:2   | Noticed Harold
 23828 | Lair:2   | Killed Harold
 24002 | Lair:2   | Reached skill level 10 in Invocations
 24524 | Lair:3   | Found a dark tunnel.
 24531 | Volcano  | Entered a volcano
 24850 | Volcano  | Found a radiant altar of Vehumet.
 25271 | Volcano  | Got a pair of faintly glowing boots
 25277 | Volcano  | Identified the cursed +0 pair of boots of Conscience {Str+4} (You found it in a volcano)
 25516 | Lair:3   | Found a hole to the Spider Nest.
 26038 | Lair:3   | Reached skill level 16 in Long Blades
 26945 | Lair:2   | Received a gift from Okawaru
 27425 | Lair:4   | Found a staircase to the Swamp.
 27561 | Lair:4   | Noticed Urug
 27576 | Lair:4   | Killed Urug
 27667 | Lair:4   | Reached XP level 14. HP: 89/108 MP: 19/19
 29174 | Lair:6   | Entered Level 6 of the Lair of Beasts
 29246 | Lair:6   | Reached skill level 17 in Long Blades
 29409 | Lair:6   | Found a staircase to the Slime Pits.
 29705 | Lair:6   | Paralysed by a hornet for 3 turns
 29768 | Lair:6   | Received a gift from Okawaru
 29796 | Lair:6   | Got an ancient quick blade {god gift}
 30246 | Lair:6   | Reached skill level 10 in Fighting
 30294 | Lair:6   | Noticed an entropy weaver
 30301 | Lair:6   | Killed an entropy weaver
 30301 | Lair:6   | Reached ****** piety under Okawaru
 30307 | Lair:6   | Noticed an entropy weaver
 30341 | Lair:6   | Killed an entropy weaver
 30456 | Lair:6   | Received a gift from Okawaru
 31213 | Lair:6   | Reached skill level 18 in Long Blades
 31549 | D:12     | Identified the +8 quick blade of the Forgotten Runes {vamp, *Contam rF+ Int+8} (Okawaru gifted it to you on level 6 of the Lair of Beasts)
 31559 | D:12     | Found Poadeiqof's Assorted Antiques.
 31566 | D:12     | Bought a viscous green potion for 24 gold pieces
 31566 | D:12     | Bought 2 potions of curing for 162 gold pieces
 31601 | D:12     | Found Foagret's General Store.
 31625 | D:12     | Gained mutation: You regenerate magic rapidly. [demonic ancestry]
 31625 | D:12     | Reached XP level 15. HP: 116/116 MP: 20/20
 31635 | D:12     | Bought an uncursed ring of protection from magic for 400 gold pieces
 31644 | D:12     | Found Jicuas's Gadget Shop.
 31807 | D:12     | Found Jenus's Gadget Shoppe.
 32592 | D:13     | Noticed Azrael
 32606 | D:13     | Killed Azrael
 33206 | D:14     | Received a gift from Okawaru
 33353 | D:14     | Found a bloodstained altar of Trog.
 33433 | D:14     | Noticed a frost giant
 33433 | D:14     | Noticed Josephine
 33449 | D:14     | Killed a frost giant
 33469 | D:14     | Killed Josephine
 33764 | D:14     | Reached skill level 19 in Long Blades
 34332 | D:14     | Found a gate to the Vaults.
 35232 | D:14     | Gained mutation: You are frail. (-10% HP) [potion of mutation]
 35232 | D:14     | Gained mutation: Your spells are harder to cast, but more powerful. [potion of mutation]
 35232 | D:14     | Gained mutation: Your muscles are strong. (Str +2) [potion of mutation]
 35233 | D:14     | Lost mutation: You are frail. (-10% HP) [potion of mutation]
 35233 | D:14     | Lost mutation: Your spells are harder to cast, but more powerful. [potion of mutation]
 35280 | D:15     | Entered Level 15 of the Dungeon
 35299 | D:15     | Reached skill level 10 in Armour
 35300 | D:15     | Received a gift from Okawaru
 36071 | D:15     | Got a pair of scorched boots
 36083 | D:15     | Identified the +4 pair of boots of the Solstice {*Contam rElec rPois Stlth+} (You found it on level 15 of the Dungeon)
 36133 | D:15     | Found a shimmering altar of Xom.
 36133 | D:15     | Found a shimmering altar of Xom.
 36133 | D:15     | Found a shimmering altar of Xom.
 36133 | D:15     | Found a shimmering altar of Xom.
 36170 | D:15     | Reached XP level 16. HP: 108/125 MP: 17/21
 36800 | D:15     | Found a staircase to the Depths.
 37179 | Swamp:1  | Entered Level 1 of the Swamp
 37180 | Swamp:1  | Noticed Aizul
 37193 | Swamp:1  | Killed Aizul
 38582 | Swamp:2  | Reached skill level 20 in Long Blades
 39015 | Swamp:3  | Noticed a thorn hunter
 39028 | Swamp:3  | Killed a thorn hunter
 39028 | Swamp:3  | Received a gift from Okawaru
 39251 | Swamp:3  | Got a pair of bloodstained gloves
 39262 | Swamp:3  | Identified the cursed +0 pair of gloves of Ucash {rPois} (You found it on level 3 of the Swamp)
 39697 | Swamp:3  | Noticed Roxanne
 39725 | Swamp:3  | Killed Roxanne
 41214 | Swamp:4  | Entered Level 4 of the Swamp
 41379 | Swamp:4  | Received a gift from Okawaru
 41385 | Swamp:4  | Noticed the 27-headed Lernaean hydra
 41958 | Swamp:4  | Killed the 18-headed Lernaean hydra
 41958 | Swamp:4  | Gained mutation: You are completely attuned to the shadows. [demonic ancestry]
 41958 | Swamp:4  | Reached XP level 17. HP: 134/134 MP: 12/22
 42738 | Swamp:4  | Got a decaying rune of Zot
 43385 | Spider:1 | Entered Level 1 of the Spider Nest
 43454 | Spider:1 | Received a gift from Okawaru
 45474 | Vaults:1 | Entered Level 1 of the Vaults
 46511 | Vaults:1 | Reached skill level 21 in Long Blades
 46807 | Vaults:1 | Received a gift from Okawaru
 47295 | Vaults:1 | Gained mutation: You are surrounded by a strong repulsion field. (EV +4, RMsl) [demonic ancestry]
 47295 | Vaults:1 | Reached XP level 18. HP: 80/143 MP: 21/23
 48301 | Vaults:1 | Noticed a Hell Sentinel
 48305 | Vaults:1 | Noticed a Brimstone Fiend
 48620 | Vaults:1 | Noticed a Tzitzimitl
 48692 | Vaults:1 | Received a gift from Okawaru
 48695 | Vaults:1 | Got a warped buckler {god gift}
 48696 | Vaults:1 | Identified the -2 buckler of Ozxad {+Fly rPois rN+++ Str-5} (Okawaru gifted it to you on level 1 of the Vaults)
 50311 | Vaults:2 | Found Osenoh's Antique Weapon Boutique.
 50828 | Vaults:2 | Found a staircase to the Crypt.
 51339 | Vaults:2 | Received a gift from Okawaru
 51390 | Vaults:2 | Received a gift from Okawaru
 51393 | Vaults:2 | Got a polished ring mail {god gift}
 51404 | Vaults:2 | Identified the +1 ring mail "Mafike" {rF+ rN+++ rCorr Dex-2} (Okawaru gifted it to you on level 2 of the Vaults)
 51640 | Vaults:2 | HP: 5/146 [red ugly thing (9)]
 52194 | Vaults:2 | Reached skill level 22 in Long Blades
 52196 | Vaults:2 | Gained mutation: You have claws for feet. [demonic ancestry]
 52196 | Vaults:2 | Reached XP level 19. HP: 142/152 MP: 21/24
 52210 | Vaults:2 | Gained mutation: You regenerate slowly when monsters are visible. [mutagenic glow]
 52860 | Vaults:2 | Received a gift from Okawaru
 53534 | Vaults:3 | Received a gift from Okawaru
 53619 | Vaults:3 | Got a twisted hat {god gift}
 53630 | Vaults:3 | Identified the +2 hat of Freedom {Int+2} (Okawaru gifted it to you on level 3 of the Vaults)
 54105 | Vaults:3 | Reached skill level 15 in Armour
 54361 | Vaults:3 | Reached skill level 15 in Fighting
 55491 | Vaults:3 | Received a gift from Okawaru
 55856 | Vaults:3 | Gained mutation: Your flesh is cold resistant. (rC+) [demonic ancestry]
 55856 | Vaults:3 | Reached XP level 20. HP: 162/162 MP: 26/26
 55990 | Vaults:4 | Noticed Frederick
 56009 | Vaults:4 | Killed Frederick
 56468 | Vaults:4 | Lost mutation: Your muscles are strong. (Str +2) [potion of cure mutation]
 56468 | Vaults:4 | Lost mutation: You occasionally shout uncontrollably at your foes. [potion of cure mutation]
 56468 | Vaults:4 | Lost mutation: Your magical capacity is low. (-10% MP) [potion of cure mutation]
 56468 | Vaults:4 | Lost mutation: You have claws for feet. [potion of cure mutation]
 56468 | Vaults:4 | Lost mutation: You can translocate small distances at will. [potion of cure mutation]
 57317 | Vaults:4 | Received a gift from Okawaru
 57330 | Vaults:4 | Got a pitted great sword {god gift}
 57331 | Vaults:4 | Identified the +9 great sword "Dragon's Demise" {pain, *Slow rPois rC+++ Str-4} (Okawaru gifted it to you on level 4 of the Vaults)
 58513 | Elf:1    | Entered Level 1 of the Elven Halls
 58606 | Elf:1    | Noticed Donald
 58632 | Elf:1    | Killed Donald
 58946 | Orc:2    | Bought a smelly plate armour for 756 gold pieces
 58956 | Orc:2    | Identified the +6 plate armour "Ecrogiat" {rC- Str+5 SInv} (You bought it in a shop on level 2 of the Orcish Mines)
 59158 | Elf:1    | Noticed Amnesiac's ghost (adept OgWz)
 59175 | Elf:1    | Received a gift from Okawaru
 59251 | Elf:1    | Reached skill level 23 in Long Blades
 59318 | Elf:1    | Noticed Agnes
 59340 | Elf:1    | Killed Amnesiac's ghost
 59345 | Elf:1    | Killed Agnes
 59920 | Elf:1    | Got a faintly humming hat {god gift}
 59931 | Elf:1    | Identified the +1 hat "Fecorch" {-Cast +Blink rN+ Regen+} (Okawaru gifted it to you on level 1 of the Elven Halls)
 59964 | Elf:2    | Gained mutation: You do not regenerate when monsters are visible. [a neqoxec]
 59995 | Elf:2    | Found an ancient bone altar of Kikubaaqudgha.
 60152 | Elf:2    | Found a huge runed gate.
 60152 | Elf:2    | Found a huge runed gate.
 60153 | Elf:2    | Found a huge runed gate.
 60205 | Elf:2    | Found Hommem's Distillery.
 60207 | Elf:2    | Noticed Asterion
 60221 | Elf:2    | Killed Asterion
 60241 | Elf:2    | Bought a potion of mutation for 50 gold pieces
 60241 | Elf:2    | Bought a potion of curing for 60 gold pieces
 60241 | Elf:2    | Lost mutation: You are clumsy. (Dex -2) [potion of mutation]
 60241 | Elf:2    | Gained mutation: Your mind is acute. (Int +2) [potion of mutation]
 60241 | Elf:2    | Gained mutation: Your muscles are strong. (Str +2) [potion of mutation]
 60395 | Elf:2    | Reached XP level 21. HP: 82/171 MP: 19/31
 60834 | Elf:2    | Noticed Louise
 60868 | Elf:2    | Received a gift from Okawaru
 60873 | Elf:2    | Killed Louise
 61085 | Elf:2    | Cast into level 3 of the Abyss (short sword of distortion)
 61378 | Abyss:3  | Paralysed by accursed screaming for 1 turns
 61389 | Abyss:3  | Found a corrupted altar of Lugonu.
 61423 | Abyss:3  | Found a corrupted altar of Lugonu.
 61510 | Abyss:3  | Found a corrupted altar of Lugonu.
 61588 | Elf:2    | Escaped the Abyss
 62553 | Elf:3    | Entered Level 3 of the Elven Halls
 62741 | Elf:3    | Noticed Mara
 63108 | Elf:3    | HP: 5/172 [deep elf blademaster/rapier of draining (14)]
 63114 | Elf:3    | HP: 8/172 [Ice Fiend[a deep elf demonologist] (8)]
 63114 | Elf:3    | Annihilated by an Ice Fiend

Vault maps used:
D:1:      minmay_arrival_semitransparent
D:2:      first_bread, ecumenical_altar_2, uniq_crazy_yiuf_cottage
D:3:      old_standard_altar
D:4:      minmay_distorted
D:5:      eat_drink_and_be_merry_uskayaw, portal_sewer_entry_a
D:6:      lemuel_doored_altar, tgw_trog, uniq_prince_ribbit1
D:7:      kennysheep_housing_project, led_sif_book, uniq_pikel, uniq_joseph
D:8:      serial_shops, nicolae_shop_statue_plus
D:9:      grunt_lair_entry_orc_guard_hut, david_orc_5, the_bakery
D:10:     uniq_nergalle
D:11:     grunt_dithmenos_smoke
D:12:     serial_shops, nicolae_shop_statue_plus, shop_fountains, shop, shop
D:13:     uniq_azrael
D:14:     minmay_glassy_protrusions, erik_vaults_2, basic_altar,
          hangedman_decor_lopped, kennysheep_generic_room_6, uniq_josephine
D:15:     hangedman_depths_entry_try_elsewhere_first, serial_bayou,
          serial_bayou_pond_d, serial_bayou_ford_a, serial_bayou_lagoon_a,
          serial_bayou_pond_a, serial_bayou_pond_c, xom_shifter_show
Temple:   regret_index_temple_mists
Lair:1:   portal_ice_cave_entry_imps, basic_altar, grunt_megastairs_1,
          infiniplex_staircase_pool_2
Lair:2:   lemuel_fruit_tree, bh_autumn_forest_stairs, uniq_harold
Lair:3:   spider_nest_entry_a, nicolae_volcano_entry_batcave,
          serial_bayou_shore_b
Lair:4:   minmay_swamp_entry_worms, disabler_island, uniq_urug
Lair:5:   lemuel_fruit_fields, grunt_megastairs_5, infiniplex_staircase_pool,
          lemuel_fruit_fields
Lair:6:   hangedman_lair_tendril_chambers, nicolae_slime_entry_slimehenge,
          grunt_forest_stairs_basic, zaba_antful_of_joy
Swamp:1:  nicolae_swamp_little_tower, uniq_aizul
Swamp:2:  hangedman_swamp_ruin_wall
Swamp:3:  evilmike_swamp_ruin_house_3, swamp_pool1, hangedman_swamp_blocks,
          uniq_roxanne
Swamp:4:  swamp_old_school, swamp_pool2
Orc:1:    serial_shops, shop_statue, uniq_snorg
Orc:2:    grunt_orc_community_town_hall, grunt_orc_community_big_house_1,
          grunt_orc_community_big_house_1, grunt_orc_community_house_2,
          grunt_orc_community_house_3, grunt_orc_community_house_1,
          grunt_orc_community_house_2, grunt_orc_community_house_2,
          grunt_orc_community_house_2, serial_shops, shop, nicolae_shop_trees,
          nicolae_shop_crystal, nicolae_shop_stone, uniq_erolcha
Elf:1:    eino_elf_arrival_the_gate, orc_legates, hex_large, item_on_display_a,
          uniq_donald, uniq_agnes
Elf:2:    basic_altar, serial_shops, shop, stair_cage_line, uniq_saint_roka,
          uniq_louise, uniq_asterion
Elf:3:    grunt_elf_hall_spiral, uniq_mara
Vaults:1: vaults_room_pools, vaults_dpeg_encased_lava, vaults_standard_mumra_x,
          dpeg_vaults_monster_row
Vaults:2: nicolae_vaults_arrows, nicolae_vaults_branching_niches,
          vaults_mumra_hex, hangedman_vaults_restitches, v_rooms_5,
          nicolae_vaults_diagonal_hallway_9, vaults_dpeg_ring,
          hangedman_vaults_impose, nicolae_vaults_diagonal_hallway_7,
          ontoclasm_vaults_decontamination, serial_shops, shop_statue
Vaults:3: v_misc_9, vaults_mumra_hexcomb, ontoclasm_vaults_bender,
          vaults_room_ringed_pool, ontoclasm_vaults_misaligned,
          nicolae_vaults_border_crossing, v_misc_2,
          nicolae_vaults_ring_of_whatevers, ontoclasm_vaults_eye,
          dpeg_vaults_monster_box, vaults_room_door_ring
Vaults:4: v_pattern_1, ontoclasm_vaults_tryst, vaults_dpeg_hooks,
          ontoclasm_vaults_chip, v_alt_pattern_4, v_alt_pattern_1,
          ontoclasm_vaults_pinch, nicolae_vaults_little_squares_4,
          nicolae_vaults_alarming, nicolae_vaults_little_squares_6,
          hangedman_vaults_nails, nicolae_vaults_network_square, v_misc_16,
          uniq_frederick
Abyss:3:  nicolae_abyss_rune_left_handed, guppyfry_abyss_exit_imp_island,
          minivault_11
Sewer:    sewer_frog_island_02
IceCv:    ice_cave_small_dragons
Volcano:  volcano_lake

Skill      XL: |  1  2  3  4  5  6  7  8  9 10 11 12 13 14 15 16 17 18 19 20 21 |
---------------+----------------------------------------------------------------+-----
Shields        | 3 4 |  4.8
Long Blades    | 2 3 4 5 6 8 9 11 13 15 16 18 19 20 21 22 23 | 23.7
Dodging        | 1 2 3 4 5 |  5.9
Armour         | 3 4 5 6 7 9 10 11 13 14 15 16 | 16.6
Fighting       | 4 5 6 7 8 9 10 11 12 13 14 15 16 | 16.5
Invocations    | 1 3 5 6 8 9 10 12 13 14 | 14.1

Action                   |  1- 3 |  4- 6 |  7- 9 | 10-12 | 13-15 | 16-18 | 19-21 || total
-------------------------+-------+-------+-------+-------+-------+-------+-------++-------
Melee: Long sword        |   147 |   316 |   638 |   225 |       |       |       ||  1326
       Punch             |       |       |     1 |       |       |       |       ||     1
       Great sword       |       |       |       |   842 |  1637 |  1949 |  2041 ||  6469
       Kick              |       |       |       |   385 |    99 |       |   501 ||   985
       Demon blade       |       |       |       |       |       |       |    76 ||    76
Invok: Heroism           |       |       |     2 |    14 |    16 |    21 |    24 ||    77
       Finesse           |       |       |       |     2 |     1 |     2 |       ||     5
 Abil: Blink             |       |       |       |       |     1 |       |       ||     1
Evoke: Wand              |       |       |       |    12 |     1 |       |       ||    13
  Use: Scroll            |     2 |     5 |     3 |    16 |    17 |    12 |    15 ||    70
       Potion            |       |     6 |     7 |    14 |     6 |     6 |     6 ||    45
 Stab: Sleeping          |       |     1 |     7 |     8 |    10 |       |     2 ||    28
       Distracted        |       |       |       |     2 |     2 |     1 |     1 ||     6
       Invisible         |       |       |       |     5 |       |       |       ||     5
       Petrified         |       |       |       |       |     8 |       |       ||     8
       Confused          |       |       |       |       |       |     2 |     1 ||     3
  Eat: Chunk             |     1 |     7 |    12 |     4 |    15 |     4 |     3 ||    46
       Meat ration       |       |     1 |     3 |     5 |     4 |     6 |     3 ||    22
       Pizza             |       |       |     1 |     2 |     2 |       |     2 ||     7
       Beef jerky        |       |       |       |     2 |     2 |     1 |       ||     5
       Royal jelly       |       |       |       |     2 |     1 |       |     1 ||     4
       Bread ration      |       |       |       |     1 |     1 |     4 |     6 ||    12
Armor: Scale mail        |    79 |   147 |   213 |   119 |       |       |       ||   558
       Skin              |       |       |    43 |    25 |       |       |       ||    68
       Ring mail         |       |       |       |   184 |   144 |       |    46 ||   374
       Crystal plate arm |       |       |       |       |   682 |  1501 |   572 ||  2755
       Plate armour      |       |       |       |       |       |       |   400 ||   400
Dodge: Dodged            |    66 |   237 |   485 |   818 |  1101 |  1395 |  1622 ||  5724
       Deflected         |       |       |       |       |       |    11 |    82 ||    93
Block: Shield            |   101 |    10 |       |       |       |       |       ||   111
       Other             |       |       |       |       |       |       |   130 ||   130
       Reflection        |       |       |       |       |       |       |     5 ||     5
       Buckler           |       |       |       |       |       |       |    47 ||    47
       Rpst.: Long sword |    19 |    75 |   165 |    27 |       |       |       ||   286
       Great sword       |       |       |       |   192 |   283 |   302 |   358 ||  1135
       Demon blade       |       |       |       |       |       |       |    13 ||    13
